Map: 死亡光环-天梯版

Players

Silky

  • Race: Zerg Zerg
  • League: Master

iGXiGua (XiGua) - Winner!

  • Race: Zerg Zerg

Event: DreamHack SC2 Masters 2020 Fall

VOD

Have the link to the VOD?

Description

Time

  • Played on: Sept. 3, 2020, 7:40 a.m.
  • Length: 7:56

All games in this series

Show
View Real Time Build Order
Export as new Build Order

Silky Zerg 

Build Orders: Hatch First, Lurkers 

Get SALT Encoding   

  12  0:00  Drone  
  13  0:12  Overlord  
  13  0:16  Drone  
  14  0:30  Drone x2  
  16  0:46  Hatchery  
  15  0:50  Drone  
  15  0:53  Drone  
  15  0:57  Drone  
  18  1:08  Extractor  
  17  1:13  Spawning Pool  
  17  1:15  Drone  
  17  1:18  Drone  
  18  1:28  Drone  
  19  1:44  Drone  
  20  1:52  Drone  
  21  1:59  Queen x2  
  21  2:00  Drone, Zergling x2  
  27  2:12  Overlord  
  27  2:15  Drone  
  28  2:22  Metabolic Boost  
  28  2:31  Drone  
  28  2:32  Drone x2  
  28  2:33  Drone  
  32  2:43  Overlord  
  32  2:44  Drone  
  32  2:45  Evolution Chamber  
  32  2:54  Drone, Roach Warren  
  32  2:55  Drone  
  33  3:07  Drone x4  
  33  3:08  Zergling x8  
  33  3:11  Zerg Ground Armor Level 1  
  41  3:17  Drone  
  42  3:22  Overlord  
  42  3:23  Extractor  
  41  3:27  Drone  
  41  3:28  Drone, Extractor  
  42  3:39  Zergling x2  
  42  3:41  Lair  
  43  3:42  Zergling x10  
  43  3:45  Drone x2  
  50  3:53  Overlord  
  50  3:54  Zergling x2  
  51  4:07  Overlord  
  51  4:10  Zergling x2  
  51  4:15  Overlord  
  51  4:16  Zergling x12  
  59  4:24  Zergling x2  
  59  4:28  Overlord  
  59  4:40  Zergling x4  
  59  4:41  Hydralisk Den  
  59  4:44  Overlord  
  60  4:48  Zergling x12  
  66  5:01  Overlord  
  66  5:10  Hydralisk x3  
  66  5:13  Lurker Den  
  71  5:15  Hydralisk  
  71  5:16  Hydralisk  
  71  5:17  Hydralisk  
  71  5:19  Overlord  
  77  5:24  Hydralisk  
  77  5:26  Zergling x2  
  80  5:30  Zergling x4  
  82  5:36  Overlord  
  82  5:40  Zergling x2  
  82  5:41  Zergling x2  
  83  5:57  Zergling x14  
  90  6:04  Zergling x2  
  90  6:11  Lurker x5  
  89  6:14  Zergling x2  
  89  6:17  Zergling x2  
  84  6:19  Zergling x2  
  84  6:20  Lurker  
  77  6:26  Zergling x6  
  77  6:28  Zergling x2  
  64  6:44  Zergling x8  
  64  6:51  Zergling x2  
  64  6:57  Zergling x2  
  64  6:58  Zergling x2  
  64  6:59  Zergling x2  
  63  7:07  Hydralisk  
  61  7:12  Zergling x2  
  55  7:17  Zergling x2  
  55  7:20  Zergling x2  
  54  7:31  Zergling x2  
  54  7:32  Zergling x2  
Show
View Real Time Build Order
Export as new Build Order

iGXiGua Zerg - Winner!

Build Orders: Hatch First 

Get SALT Encoding   

  12  0:00  Drone  
  13  0:12  Overlord  
  13  0:17  Drone  
  14  0:30  Drone x2  
  16  0:47  Hatchery  
  15  0:50  Drone  
  15  0:54  Drone  
  17  0:58  Drone  
  18  1:07  Extractor  
  17  1:13  Spawning Pool  
  17  1:15  Drone  
  17  1:19  Drone  
  18  1:27  Drone  
  19  1:38  Drone  
  20  1:49  Overlord  
  20  1:59  Queen  
  20  2:00  Queen  
  20  2:01  Drone  
  25  2:03  Zergling x2  
  26  2:10  Drone x2  
  28  2:21  Drone x2  
  30  2:33  Hatchery  
  29  2:39  Overlord  
  29  2:40  Drone  
  29  2:43  Overlord  
  30  2:44  Drone  
  31  2:54  Drone  
  31  2:56  Evolution Chamber  
  31  2:57  Drone  
  32  3:09  Drone x5  
  32  3:11  Roach Warren  
  32  3:12  Drone  
  37  3:15  Drone  
  37  3:17  Drone  
  39  3:20  Drone  
  39  3:23  Zerg Missile Weapons Level 1  
  40  3:29  Lair  
  40  3:31  Drone  
  41  3:35  Drone  
  41  3:36  Drone  
  43  3:44  Drone x3, Extractor  
  43  3:45  Drone, Extractor  
  45  3:49  Overlord  
  47  3:58  Overlord  
  47  4:02  Roach x3  
  50  4:11  Roach x4  
  50  4:16  Overlord  
  58  4:19  Roach x3  
  58  4:22  Overlord  
  64  4:27  Overlord  
  62  4:31  Glial Reconstitution  
  62  4:32  Overlord  
  64  4:38  Roach x2  
  64  4:44  Roach x2  
  70  4:49  Roach x2  
  74  4:56  Roach x2  
  74  4:59  Roach  
  80  5:05  Roach x2  
  84  5:08  Overlord x2  
  84  5:15  Roach x2  
  84  5:18  Roach x2  
  84  5:20  Roach  
  94  5:25  Overlord x2  
  94  5:29  Roach  
  94  5:31  Roach  
  98  5:36  Roach  
  98  5:40  Roach  
  102  5:47  Roach x4  
  110  5:51  Roach  
  110  5:54  Overseer  
  112  5:58  Roach  
  112  5:59  Overlord x2  
  112  6:03  Roach  
  116  6:09  Roach  
  118  6:13  Roach  
  116  6:27  Roach x6  
  116  6:29  Roach  
  128  6:33  Roach  
  128  6:37  Roach  
  126  6:41  Roach  
  100  6:54  Roach x2  
  100  6:55  Roach x2  
  100  6:57  Roach  
  100  6:59  Roach  
  100  7:00  Hatchery  
  109  7:02  Roach  
  109  7:04  Roach  
  109  7:07  Roach  
  111  7:10  Roach  
  111  7:13  Overseer  
  107  7:17  Overlord  
  107  7:19  Roach  
  107  7:29  Roach x2  
  109  7:31  Roach x2  

Tags
 
Add a new tag
Caveats
  • Supply blocks, unpowered buildings, or Contaminate may cause inaccurate times.
  • Supply counts are checked every 10 seconds.